AoeStats
← Dragon

Arena

506507566Analyzed
3v3 RM · 19d ago on Sep 13, 2026· 42m 41s· 6 players
Game mode
Random Map
Map size
Normal (6 player)
Population
200
Speed
Normal
Resources
Standard
Victory
Conquest
Starting age
Dark Age
Ending age
Imperial Age
RankedLock teamsTeams togetherTeam positionsShared explorationLock speedFull tech treeHidden civsTurbo modeCheats
Victory
Defeat
🇩🇪 Hindustanis · Germany
1317
+14
🇩🇪 Portuguese · Germany
1315
+14
🇩🇪 Vietnamese · Germany
1314
+14
🇧🇷 Italians · Brazil
1429
-21
🇧🇷 Chinese · Brazil
1228
-12
🇧🇷 Persians · Brazil
1137
-9
[Massa] Riacho Molhado
0:26 Loom
11:29 Feudal Age
15:17 Castle Age
13:24 Horse Collar
17:39 Double-Bit Axe
18:34 Bow Saw
22:33 Wheelbarrow
26:24 Gold Mining
32:41 Imperial Age
31:11 Ballistics
30:43 Fletching
30:53 Padded Archer Armor
31:14 Heavy Plow
31:50 Bodkin Arrow
32:30 Thumb Ring
33:14 Leather Archer Armor
33:57 Conscription
34:27 Hand Cart
35:19 Bracer
35:50 Ring Archer Armor
36:22 Chemistry
37:34 Two-Man Saw
37:15 Gold Shaft Mining
37:07 Elite Chu Ko Nu
40:02 Murder Holes
40:18 Masonry
40:32 Stone Mining
[Massa] Revenger
10:09 Feudal Age
8:25 Loom
11:30 Double-Bit Axe
19:41 Castle Age
17:26 Horse Collar
20:37 Husbandry
20:50 Bloodlines
20:43 Gold Mining
22:05 Scale Barding Armor
25:02 Chain Barding Armor
25:55 Bow Saw
26:45 Fletching
28:03 Heavy Plow
29:04 Wheelbarrow
32:54 Imperial Age
31:10 Hand Cart
31:25 Forging
32:54 Cavalier
34:50 Pikeman
35:31 Squires
37:09 Scale Mail Armor
37:46 Iron Casting
38:01 Conscription
37:33 Halberdier
39:15 Chain Mail Armor
38:36 Light Cavalry
40:41 Plate Barding Armor
40:38 Plate Mail Armor
tg
9:40 Loom
13:14 Feudal Age
13:51 Double-Bit Axe
13:52 Horse Collar
16:51 Castle Age
20:38 Heavy Plow
20:52 Bow Saw
22:56 Wheelbarrow
22:46 Gold Mining
23:37 Fletching
24:43 Bodkin Arrow
27:44 Hand Cart
31:48 Imperial Age
29:36 Heavy Plow
29:26 Stone Mining
29:39 Padded Archer Armor
30:24 Scale Mail Armor
31:01 Squires
31:24 Chain Mail Armor
32:12 Town Watch
33:59 Plate Mail Armor
33:31 Bracer
34:43 Two-Man Saw
35:46 Forging
36:31 Leather Archer Armor
36:16 Pikeman
37:44 Ballistics
38:24 Chemistry
38:16 Ring Archer Armor
Who am I
11:04 Feudal Age
12:01 Loom
15:16 Castle Age
13:21 Horse Collar
13:31 Double-Bit Axe
14:06 Horse Collar
16:12 Scale Mail Armor
17:03 Wheelbarrow
20:38 Squires
20:25 Arson
20:52 Forging
24:36 Hand Cart
24:34 Bow Saw
24:26 Heavy Plow
25:25 Stone Mining
25:26 Gold Mining
34:11 Imperial Age
31:32 Fletching
32:31 Stone Shaft Mining
31:29 Crossbowman
32:23 Padded Archer Armor
34:20 Thumb Ring
34:20 Treadmill Crane
35:00 Ballistics
34:55 Bodkin Arrow
35:39 Leather Archer Armor
35:58 Bracer
36:27 Elite Skirmisher
37:56 Ring Archer Armor
36:55 Arbalester
38:37 Siege Engineers
39:33 Chemistry
39:32 Paper Money
Dragon
9:51 Feudal Age
15:26 Castle Age
14:12 Double-Bit Axe
16:43 Bow Saw
16:48 Horse Collar
19:51 Wheelbarrow
23:13 Heavy Plow
25:04 Loom
26:43 Hand Cart
26:58 Scale Barding Armor
29:45 Imperial Age
28:38 Grand Trunk Road
29:03 Chain Barding Armor
28:53 Forging
29:39 Fletching
30:02 Bloodlines
29:52 Husbandry
30:09 Town Watch
30:20 Stone Mining
30:22 Gold Mining
30:28 Gold Mining
30:02 Heavy Camel Rider
32:40 Plate Barding Armor
32:40 Iron Casting
32:28 Conscription
31:51 Imperial Camel Rider
34:11 Chemistry
34:00 Bodkin Arrow
36:56 Squires
37:20 Ballistics
39:41 Light Cavalry
40:40 Hussar
siggi-lok
12:16 Feudal Age
16:02 Castle Age
14:36 Horse Collar
18:00 Heavy Plow
18:26 Double-Bit Axe
18:29 Loom
30:00 Imperial Age
28:01 Bow Saw
27:50 Gold Mining
27:52 Stone Mining
28:53 Fortified Wall
29:26 Wheelbarrow
31:49 Chemistry
31:20 Arquebus
33:44 Conscription
33:37 Elite Organ Gun
37:48 Town Watch
38:18 Hand Cart
39:36 Forging
39:27 Scale Mail Armor
39:10 Man-at-Arms
39:36 Gambesons
39:37 Long Swordsman
40:10 Two-Handed Swordsman
41:11 Chain Mail Armor
42:02 Siege Engineers
Connection lost

Rejoining the realm…

Still unreachable

The connection could not be restored.

Session expired

The server has moved on; the page needs a fresh start.